 Dungeon Crawl Stone Soup version 0.16.0-12-g7215832 (webtiles) character file.

658 RobertPalmer the Carver (level 7, -4/45 HPs)
             Began as an Octopode Skald on Mar 18, 2015.
             Slain by a hell rat (17 damage)
             ... on level 6 of the Dungeon.
             The game lasted 00:12:37 (6522 turns).

RobertPalmer the Carver (Octopode Skald)            Turns: 6522, Time: 00:12:38

Health: -4/45      AC:  1    Str: 11    XL:     7   Next: 55%
Magic:  9/12       EV: 12    Int: 14    God:    Xom [..*...]
Gold:   201        SH:  0    Dex: 14    Spells: 4 memorised, 1 level left

rFire  . . .     SeeInvis .     a - +2 falchion (holy)
rCold  . . .     Clarity  .     (no shield)
rNeg   + . .     SustAb   .     (helmet restricted)
rPois  .         Gourm    .     (no amulet)
rElec  .         Spirit   .     p - ring of protection from magic {MR+, !d}
rCorr  .         Warding  .     A - ring of wizardry {Wiz+, !d}
rMut   .         Stasis   .     r - ring of positive energy {rN+}
MR     +....                    (no ring)
Stlth  ++........               (no ring)
                                (no ring)
                                (no ring)
                                (no ring)

@: very slightly contaminated, drained, invisible, somewhat resistant to hostile
enchantments, unstealthy
A: almost no armour, amphibious, 8 rings, constrict 8, camouflage 1, gelatinous
body 1
a: Renounce Religion


You were on level 6 of the Dungeon.
You worshipped Xom.
You were a toy of Xom.
You were hungry.

You visited 1 branch of the dungeon, and saw 6 of its levels.
You also visited: Sewer.

You collected 393 gold pieces.
You spent 192 gold pieces at shops.

Inventory:

Hand weapons
 a - a +2 falchion of holy wrath (weapon)
   (You took it off Eustachio on level 5 of the Dungeon)
Magical staves
 y - an uncursed staff of conjuration {!a}
   (You found it on level 4 of the Dungeon)
Jewellery
 p - a ring of protection from magic (left tentacle) {MR+, !d}
   (You took it off a goblin on level 2 of the Dungeon)
 r - a ring of positive energy (on tentacle) {rN+}
   (You found it on level 2 of the Dungeon)
 A - a ring of wizardry (right tentacle) {Wiz+, !d}
   (You found it on level 5 of the Dungeon)
Magical devices
 o - a wand of random effects (13)
   (You found it on level 2 of the Dungeon)
Scrolls
 e - 4 scrolls of teleportation {unknown}
 i - 2 scrolls of magic mapping {unknown}
 j - 2 scrolls of immolation {!r}
 k - 4 scrolls of fear
 l - 2 scrolls of identify
 m - 4 scrolls of remove curse {unknown}
 q - a scroll of blinking {unknown}
 t - a scroll of fog {unknown}
 v - a scroll of random uselessness {unknown}
Potions
 b - 2 potions of flight
 f - 4 potions of curing
 g - a potion of haste {unknown}
 s - 2 potions of restore abilities {unknown}
 w - a potion of agility
Books
 c - a book of Battle
Comestibles
 d - 3 bread rations {@e1}
 h - 4 meat rations {@e2}
 u - 2 beef jerkies


   Skills:
 - Level 2.0(1.6) Fighting
 + Level 8.2(7.8) Long Blades
 - Level 1.5(1.1) Dodging
 - Level 2.0(1.6) Spellcasting
 - Level 3.0(2.6) Charms


You had one spell level left.
You knew the following spells:

 Your Spells              Type           Power        Failure   Level  Hunger
a - Infusion              Chrm           #.....       4%          1    ##.....
r - Regeneration          Chrm/Necr      #.........   21%         3    ####...
s - Shroud of Golubria    Chrm/Tloc      #.........   10%         2    ###....
z - Spectral Weapon       Hex/Chrm       #.......     21%         3    ####...


Dungeon Overview and Level Annotations

Branches:
Dungeon (6/15)             Temple (0/1) D:5

Altars:
Okawaru
Qazlal
Ru
Sif Muna
Xom
Yredelemnul

Shops:
D:4 !

Annotations:
D:5 exclusion: Dowan, Dowan, Duvessa


Innate Abilities, Weirdness & Mutations

You cannot wear most types of armour.
You are amphibious.
You can wear up to eight rings at the same time.
You can use your tentacles to constrict many enemies at once.
Your skin changes colour to match your surroundings (Stealth).
Your rubbery body absorbs attacks (AC +1).


Message History

You hit the crimson imp.
The crimson imp convulses.
Your grab misses the crimson imp.
The crimson imp sputters.
The crimson imp barely misses you.
You hit the crimson imp.
The crimson imp convulses.
You kill the crimson imp!
No target in view!
No target in view!
No target in view!
There is a stone staircase leading down here.
You see here 20 bolts.
A quokka and a goliath beetle come into view.
There are monsters nearby!
There are monsters nearby!
There are monsters nearby!
There are monsters nearby!
Wield which item (- for none, * to show all)? (? for menu, Esc to quit)
Okay, then.
Wield which item (- for none, * to show all)? (? for menu, Esc to quit)
Your +2 falchion of holy wrath stops glowing.
y - an uncursed staff of conjuration (weapon)
You are now empty-tentacled.
Adjust (i)tems, (s)pells, or (a)bilities?
Adjust which item? (? for menu, Esc to quit)
w - a +2 falchion of holy wrath Adjust to which letter? (? for menu, Esc to quit)
a - a +2 falchion of holy wrath;
w - a potion of agility It softly glows with a divine radiance!
a - a +2 falchion of holy wrath (weapon)
The helpless quokka fails to defend itself.
You hit the quokka.
You kill the quokka!
Found a stone staircase leading down.
You now have 201 gold pieces (gained 15).
Memorise Shroud of Golubria, consuming 2 spell levels and leaving 1?
You start memorising the spell.
You continue memorising.
You continue memorising.
You finish memorising.
Spell assigned to 's'.
A rat and a river rat come into view.
There are monsters nearby!
There are monsters nearby!
There are monsters nearby!
Space distorts slightly along a thin shroud covering your body.
You now have 10/12 mp.
A rat comes into view.
All of the chunks of flesh in your inventory have rotted away.
You hit the rat!
You kill the rat!
A rat comes into view.
You slash the river rat!
You kill the river rat!
A rat comes into view.
A rat comes into view.
Your shroud begins to fray at the edges.
The rat misses you.
You barely miss the rat. You grab the rat. You constrict the rat.
The rat misses you.
You slash the rat!!
You kill the rat!
The rat closely misses you.
You slash the rat!!
You kill the rat!
A rat comes into view.
A hell rat comes into view.
The rat misses you.
You barely miss the rat. You grab the rat.
Your shroud unravels.
You constrict the rat.
You kill the rat!
The hell rat roars!
The hell rat moves out of view.
A hell rat comes into view.
You see here a rat corpse.
MP restored: 12 3 rats and a river rat come into view.
The hell rat bites you.
A goblin comes into view.
You take 1 damage, and have 44/45 hp.
The hell rat roars!
The goblin shouts!
You hit the hell rat but do no damage. Your grab misses the hell rat.
You squeeze the hell rat, but do no damage.
The goblin moves out of view.
The hell rat bites you!! You partially resist.
You feel drained.
A rat comes into view.
You take 22 damage, and have 22/45 hp.
MASSIVE DAMAGE!!
You see here a rat corpse.
You miscast Regeneration.
You are very lightly contaminated with residual magic.
Waves of light ripple over your body.
You are feeling hungry.
The hell rat bites you!
* * * LOW HITPOINT WARNING * * *
You partially resist.
You feel drained.
You take 9 damage, and have 13/45 hp.
You now have 9/12 mp.
Drink which item? (? for menu, Esc to quit)
You fade into invisibility!
The hell rat bites you!
You die...

#.## # ##
##.# # .#
##.# ## #
. #.##..#
# #.#.##.#
# #.#.#.#
# #..†.# #
#.#...# #
#.##@.#.#
#
#.#r##.#..
. #r#
####.#
..r....r##
#


r...rrr ....... ...r... ###### You could see 2 hell rats and 4 rats.

Vanquished Creatures
  Eustachio (D:5)
  A big kobold (Sewer)
  A crimson imp (D:6)
  A centaur zombie (D:5)
  An iguana (D:4)
  An orc wizard (D:4)
  4 worker ants
  A hound skeleton (D:5)
  2 gnolls (D:2)
  5 adders
  2 river rats
  A shadow imp (D:5)
  A giant mite (D:5)
  4 worms
  An adder skeleton (D:5)
  2 giant geckos
  An ooze (D:1)
  5 orcs
  3 ball pythons
  A bat zombie (D:4)
  7 goblins
  8 hobgoblins
  10 jackals
  17 kobolds
  9 bats
  2 giant cockroaches
  A giant gecko skeleton (D:4)
  9 giant newts
  A jackal skeleton (D:5)
  An orc zombie (D:5)
  6 quokkas
  17 rats
  A butterfly (D:2)
128 creatures vanquished.

Notes
Turn   | Place    | Note
--------------------------------------------------------------
     0 | D:1      | RobertPalmer, the Octopode Skald, began the quest for the Orb.
     0 | D:1      | Reached XP level 1. HP: 14/14 MP: 3/3
   226 | D:1      | Reached XP level 2. HP: 14/19 MP: 4/4
   760 | D:1      | Reached skill level 3 in Long Blades
  1226 | D:1      | Reached XP level 3. HP: 15/24 MP: 6/6
  1591 | D:2      | HP: 6/24 [adder (5)]
  1611 | D:2      | HP: 6/24 [poisoned by an adder]
  1617 | D:2      | HP: 5/24 [poisoned by an adder]
  1625 | D:2      | HP: 3/24 [poisoned by an adder]
  2137 | D:2      | Found an iron altar of Okawaru.
  2145 | D:2      | HP: 2/24 [gnoll/stone (5)]
  2161 | D:2      | Reached skill level 4 in Long Blades
  2161 | D:2      | Reached XP level 4. HP: 29/29 MP: 7/7
  2310 | D:2      | Learned a level 3 spell: Regeneration
  2314 | D:2      | Learned a level 3 spell: Spectral Weapon
  2401 | D:2      | Found a shimmering altar of Xom.
  2433 | D:2      | Became a worshipper of Xom of Fickle Intent
  2667 | D:3      | Found a glowing drain.
  2700 | D:2      | Reached skill level 5 in Long Blades
  2841 | D:3      | Reached XP level 5. HP: 32/34 MP: 9/9
  2862 | D:3      | XOM: divination: detect items
  2871 | Sewer    | Entered a sewer
  2911 | Sewer    | XOM: colour smoke trail
  2985 | Sewer    | Found a white marble altar of Elyvilon.
  3004 | Sewer    | XOM is BORED!
  3004 | Sewer    | XOM: medium Air miscast
  3246 | D:3      | XOM: butterfly on damage
  3408 | D:3      | Reached skill level 6 in Long Blades
  3586 | D:3      | Reached XP level 6. HP: 39/39 MP: 10/10
  3627 | D:3      | XOM: mild Fire miscast
  3735 | D:3      | XOM: divination: detect items
  3845 | D:3      | Found a basalt altar of Yredelemnul.
  3964 | D:3      | XOM: medium Conj miscast
  3982 | D:3      | XOM: colour smoke trail
  4059 | D:3      | XOM: medium Air miscast
  4094 | D:3      | HP: 9/39 [poison (poison gas)]
  4101 | D:3      | HP: 8/39 [poison (poison gas)]
  4109 | D:3      | HP: 7/39 [poison (poison gas)]
  4413 | D:4      | Found a deep blue altar of Sif Muna.
  4605 | D:4      | XOM: enchant monster (bad)
  4784 | D:3      | XOM: mild Conj miscast
  4832 | D:4      | Found Qyuhaum's Distillery.
  4841 | D:4      | Bought a potion of heal wounds for 60 gold pieces
  4841 | D:4      | Bought a potion of invisibility for 96 gold pieces
  4841 | D:4      | Bought a potion of curing for 36 gold pieces
  5112 | D:4      | XOM: divination: detect creatures
  5146 | D:5      | Entered Level 5 of the Dungeon
  5214 | D:5      | Found a staircase to the Ecumenical Temple.
  5262 | D:5      | Found a sacrificial altar of Ru.
  5499 | D:5      | Noticed Eustachio
  5500 | D:5      | XOM: cast spell 'Confusing Touch'
  5504 | D:5      | XOM: enchant monster (good)
  5525 | D:5      | XOM: smoke on damage
  5525 | D:5      | HP: 7/39 [Eustachio/falchion of holy wrath (8)]
  5527 | D:5      | Reached skill level 7 in Long Blades
  5531 | D:5      | Killed Eustachio
  5531 | D:5      | Reached XP level 7. HP: 16/45 MP: 6/12
  5619 | D:5      | XOM: cast spell 'Metabolic Englaciation'
  5663 | D:5      | XOM: god gift: 43 gold pieces
  5949 | D:5      | Found a stormy altar of Qazlal.
  5977 | D:5      | Noticed Duvessa
  6237 | D:5      | Reached skill level 8 in Long Blades
  6290 | D:5      | Noticed Dowan
  6305 | D:6      | XOM: potion effect (curing)
  6332 | D:6      | XOM: mild Chrm miscast
  6495 | D:6      | Learned a level 2 spell: Shroud of Golubria
  6522 | D:6      | Slain by a hell rat

Action                   |  1- 3 |  4- 6 |  7- 9 || total
-------------------------+-------+-------+-------++-------
Melee: Falchion          |    90 |   144 |    39 ||   273
 Cast: Infusion          |       |     3 |       ||     3
       Regeneration      |       |     1 |       ||     1
       Spectral Weapon   |       |     1 |       ||     1
       Shroud of Golubri |       |       |     1 ||     1
Evoke: Wand              |       |     3 |     1 ||     4
  Use: Potion            |     2 |     7 |     1 ||    10
       Scroll            |       |     6 |       ||     6
 Stab: Sleeping          |     3 |     4 |     1 ||     8
       Distracted        |       |     1 |       ||     1
  Eat: Chunk             |     3 |    11 |     2 ||    16
       Pizza             |       |       |     1 ||     1

Vault maps used:
D:1:      lemuel_arrival_behind_the_door_large, hex_intersection
D:2:      xom_butterflies, okawaru_altar_gauntlet_db, first_bread
D:3:      lemuel_doored_altar, portal_sewer_entry_c
D:4:      tgw_sif, serial_shops, shop, hangedman_decor_lopped,
          hangedman_decor_peaks_small
D:5:      grunt_qazlal_clouds, nicolae_ru_sacrificial_ziggurat,
          minmay_temple_entry_overgrown, serial_bayou_ford_a,
          hangedman_decor_growths, uniq_duvessa, uniq_eustachio
D:6:      lemuel_ratsnest
Sewer:    sewer_kobolds

Table legend:
 A = Turns spent in this place as a percentage of turns spent in the entire game.
 B = Non-inter-level travel turns spent in this place as a percentage of non-inter-level travel turns spent in the entire game.
 C = Inter-level travel turns spent in this place as a percentage of turns spent in this place.
 D = Turns resting spent in this place as a percentage of non-inter-level travel turns spent in this place.
 E = Turns spent auto-exploring this place as a percentage of non-inter-level travel turns spent in this place.
 F = Non-inter-level travel turns spent in this place divided by the number of levels of this place that you've seen.
                   A       B       C       D       E      F
               +-------+-------+-------+-------+-------+----------------------
         Total | 100.0 | 100.0 |   0.5 |   3.8 |   8.2 | 244.7
       Dungeon |  94.1 |  94.0 |   0.5 |   3.7 |   8.3 | 268.5
         Sewer |   5.9 |   6.0 |   0.0 |   4.9 |   5.9 | 102.0
               +-------+-------+-------+-------+-------+----------------------

Table legend:
 A = Kills in this place as a percentage of kills in entire the game.
 B = Kills by you in this place as a percentage of kills by you in the entire game.
 C = Kills by friends in this place as a percentage of kills by friends in the entire game.
 D = Other kills in this place as a percentage of other kills in the entire game.
 E = Experience gained in this place as a percentage of experience gained in the entire game.
 F = Experience gained in this place divided by the number of levels of this place that you have seen.
                   A       B       C       D       E      F
               +-------+-------+-------+-------+-------+----------------------
         Total | 100.0 | 100.0 |  -nan |  -nan | 100.0 | 134.3
       Dungeon |  92.1 |  92.1 |  -nan |  -nan |  88.4 | 138.5
         Sewer |   7.9 |   7.9 |  -nan |  -nan |  11.6 | 109.0
               +-------+-------+-------+-------+-------+----------------------
